 Dungeon Crawl Stone Soup version 0.29.1-12-g30fa7ad0bf (webtiles) character file.

Game seed: 17293270827932536535

250458 rakiston the Conqueror (level 18, -25/200 HPs)
             Began as a Minotaur Berserker on Dec 24, 2022.
             Was the Champion of Trog.
             Annihilated by a balrug
             ... wielding a +3 demon whip
              (36 damage)
             ... on level 1 of the Depths on Dec 27, 2022.
             The game lasted 03:36:13 (41463 turns).

rakiston the Conqueror (Minotaur Berserker)        Turns: 41463, Time: 03:36:14

Health: -25/200    AC: 31    Str: 33    XL:     18   Next: 91%
Magic:  6/17       EV: 12    Int:  2    God:    Trog [******]
Gold:   2248       SH:  0    Dex: 11    Spells: 17/17 levels left

rFire   x . .      SeeInvis +   z - +6 battleaxe (flame)
rCold   + . .      Faith    .   (shield currently unavailable)
rNeg    . . .      Spirit   .   E - +1 plate armour {rPois}
rPois   +          Reflect  .   d - +2 hat
rElec   .          Harm     .   Z - +2 cloak
rCorr   .          Rampage  .   k - +2 pair of gloves {infuse}
Will    ++...                   R - +2 pair of boots
Stlth   ..........              a - amulet "Fulafan" {Acrobat Will+ Str+4}
HPRegen 0.43/turn               W - ring of see invisible
MPRegen 0.15/turn               p - ring "Diygumo" {Ice +Blink rPois Int-2 Slay+3}

@: hasted, very quick
A: horns 2, retaliatory headbutt
}: 2/15 runes: decaying, serpentine
a: Renounce Religion, Evoke Blink, Berserk, Trog's Hand, Brothers in Arms


You were on level 1 of the Depths.
You worshipped Trog.
Trog was exalted by your worship.
You visited 6 branches of the dungeon, and saw 31 of its levels.
You also visited: Gauntlet and Ice Cave.

You collected 3397 gold pieces.
You spent 1149 gold pieces at shops.

Inventory:

Hand Weapons
 n - the +10 battleaxe "Baonar" {vorpal, Str+3}
   (Trog gifted it to you on level 11 of the Dungeon)

   It inflicts extra damage upon your enemies.
   Str:       It affects your strength (+3).
 t - the +9 battleaxe of Dolappu {vorpal, rPois rC++}
   (Trog gifted it to you on level 4 of the Snake Pit)

   It inflicts extra damage upon your enemies.
   rC:        It greatly protects you from cold.
   rPois:     It protects you from poison.
 z - a +6 battleaxe of flaming (weapon)
 U - a +0 triple crossbow of freezing
Missiles
 f - 43 poisoned darts (quivered)
Armour
 d - a +2 hat (worn)
 k - a +2 pair of gloves of infusion (worn)
 x - a +0 cloak of preservation
 E - a +1 plate armour of poison resistance (worn)
 R - a +2 pair of boots (worn)
 Z - a +2 cloak (worn)
Jewellery
 a - the amulet "Fulafan" (around neck) {Acrobat Will+ Str+4}
   (You acquired it on level 9 of the Dungeon)

   [amulet of the acrobat]

   It increases your evasion while moving and waiting.
   Str:       It affects your strength (+4).
   Will:      It increases your willpower.
 b - a ring of protection from cold
 c - the ring of Daisies {rElec rF- rCorr EV+4}
   (You took it off a minotaur in a Gauntlet)

   [ring of evasion]

   EV:        It affects your evasion (+4).
   rF:        It makes you vulnerable to fire.
   rElec:     It insulates you from electricity.
   rCorr:     It protects you from acid and corrosion.
 e - a +6 ring of strength
 l - a ring of protection from cold
 p - the ring "Diygumo" (right hand) {Ice +Blink rPois Int-2 Slay+3}
   (You found it in a Gauntlet)

   [ring of ice]

   It enhances your ice magic.
   Int:       It affects your intelligence (-2).
   Slay:      It affects your accuracy & damage with ranged weapons and melee
   (+3).
   rF:        It makes you vulnerable to fire.
   rC:        It protects you from cold.
   rPois:     It protects you from poison.
   +Blink:    It lets you blink.
 r - a +4 ring of protection
 u - a ring of fire
 Q - the ring "Waeqim" {rElec rN+ rCorr Dex+6}
   (You acquired it on level 8 of the Dungeon)

   [ring of dexterity]

   Dex:       It affects your dexterity (+6).
   rElec:     It insulates you from electricity.
   rN:        It protects you from negative energy.
   rCorr:     It protects you from acid and corrosion.
 W - a ring of see invisible (left hand)
Wands
 m - a wand of mindburst (37)
 J - a wand of acid (10)
 L - a wand of paralysis (40)
 N - a wand of flame (105)
 O - a wand of digging (12)
 P - a wand of roots (21)
 S - a wand of polymorph (23)
Scrolls
 g - 16 scrolls of identify
 s - 7 scrolls of fear
 v - 7 scrolls of poison
 w - 2 scrolls of butterflies
 y - 4 scrolls of magic mapping
 B - 6 scrolls of immolation
 F - 6 scrolls of teleportation
 H - 2 scrolls of blinking
 T - a scroll of silence
 V - 2 scrolls of brand weapon
 X - 2 scrolls of enchant armour
Potions
 h - 4 potions of might
 j - 2 potions of ambrosia
 o - 2 potions of cancellation
 q - 6 potions of lignification
 A - 4 potions of invisibility
 C - 3 potions of berserk rage
 D - 2 potions of haste
 G - 7 potions of attraction
 M - 8 potions of mutation
 Y - 8 potions of curing
Miscellaneous
 i - a box of beasts


   Skills:
 O Level 27 Fighting
 + Level 23.8 Axes
 - Level 15.4 Armour
 * Level 11.9 Dodging


You had 17 spell levels left.
You didn't know any spells.
Your spell library was empty.

Dungeon Overview and Level Annotations

Branches:
Dungeon (15/15)            Temple (0/1) D:6            Lair (5/5) D:8
  Swamp (4/4) Lair:2        Snake (4/4) Lair:2        Slime (0/5) Lair:5
    Orc (2/2) D:9             Elf (0/3) Orc:2        Vaults (0/5) D:13
 Depths (1/4) D:15          IceCv (visited)         Gauntlet (visited)

Altars:
Ashenzari
Dithmenos
Elyvilon
Gozag
Qazlal
Sif Muna
Trog
Uskayaw
Vehumet
Xom
Zin
Jiyva
Lugonu

Shops:
D:9 ?   D:13 :(   D:14 !   Orc:2 ([([[

Portals:
Hell: Depths:1
Abyss: Depths:1

Annotations:
D:4 1 runed translucent door, Crazy Yiuf
D:11 3 runed translucent doors, Jingleheimer's ghost, journeyman FoFi
D:14 exclusion: orange crystal statue
Depths:1 6 transporters


Innate Abilities, Weirdness & Mutations

You have a pair of horns on your head.
You reflexively headbutt those who attack you in melee.


Message History

Trog accepts your kill.
Your life force feels restored.
A balrug comes into view. It is wielding a +3 demon whip.
Things that are here:
a +0 glaive; a +0 leather armour; a tengu corpse
Things that are here:
+0 ice dragon scales; an ice dragon corpse The balrug closely misses you.
You furiously retaliate!
You headbutt the balrug.
Things that are here:
a +0 glaive; a +0 leather armour; a tengu corpse You barely miss the balrug.
You headbutt the balrug!
The balrug is lightly wounded.
You hit the balrug but do no damage.
The balrug is lightly wounded.
The balrug hits you with a +3 demon whip!
You are engulfed in flames!!
The fire burns you terribly!
You closely miss the balrug.
The balrug is lightly wounded.
The balrug gestures at you. The bolt of fire hits you!!!
The fire burns you terribly! The balrug attacks as you move away!
The balrug hits you with a +3 demon whip!!
* * * LOW HITPOINT WARNING * * *
You are engulfed in flames!!
The fire burns you terribly!
* * * LOW HITPOINT WARNING * * *
Things that are here:
+0 ice dragon scales; an ice dragon corpse Blink to where?
Press: ? - help, Dir - move target
As you read the scroll of blinking, it crumbles to dust.
The balrug gestures at you.
The fireball explodes!
The fireball engulfs you!! The fire burns you terribly!
* * * LOW HITPOINT WARNING * * *
You feel better.
You feel yourself speed up.
The balrug hits you with a +3 demon whip.
* * * LOW HITPOINT WARNING * * *
You are engulfed in flames!!!
The fire burns you terribly!
You die...

......## #....... #....#
##...... #...## #..##...
###...### ##.###.[[
##.#.#...# #####©..#[[÷[
#..#§###.####.#...©..(<[=
#...#2# #...#....#..©#(÷..
∩.'...'..##........##.##..§§
..#...#...#@............#...
' ##..#...2........##.###...
##.#............#©..#....
#..............©......
#.............#..©#....
#...#..........##.##....
.....#...................
.... ....................
.... ....................


You could see a balrug.

Vanquished Creatures
  Mara (Snake:4)
  Vashnia (Snake:4)
  Mlioglotl (Snake:3)
  Jorgrun (Orc:2)
  Frances (Swamp:1)
  Donald (Swamp:4)
  6 nagarajas (Snake:4)
  An orc warlord (Orc:2)
  Louise (Swamp:4)
  3 stone giants (Depths:1)
  Aizul (Snake:1)
  3 very ugly things (Depths:1)
  A dire elephant (D:15)
  7 eleionomae
  Azrael (D:15)
  A minotaur (Gauntlet)
  3 bunyips
  4 fire dragons
  2 ice dragons (Depths:1)
  A hell beast (Depths:1)
  20 hydras
  An ogre mage (D:13)
  4 boulder beetles
  5 salamander tyrants
  23 anacondas
  A catoblepas (D:13)
  2 ghost crabs (Swamp:3)
  6 two-headed ogres
  8 centaur warriors
  5 alligators
  4 death yaks (Lair:5)
  17 naga sharpshooters
  11 naga warriors
  A deep troll shaman (Depths:1)
  A spriggan berserker (Depths:1)
  2 tengu warriors
  Urug (D:10)
  A deep troll earth mage (D:15)
  9 shock serpents
  6 hell knights
  2 soul eaters
  Sonja (D:10)
  Amaemon (D:10)
  Nergalle (Lair:1)
  An iron troll (Depths:1)
  6 salamander mystics
  7 goliath frogs
  11 swamp dragons
  2 deep trolls (Depths:1)
  2 wizards (Gauntlet)
  2 spriggan druids (Swamp:3)
  5 bog bodies
  4 naga ritualists
  Pikel (D:4)
  4 orc knights
  4 lindwurms
  3 deep elf pyromancers
  A harpy (shapeshifter) (D:14)
  12 mana vipers
  A manticore (D:13)
  A wolf spider (D:15)
  26 salamanders
  4 orc sorcerers (Orc:2)
  28 ugly things
  2 ice statues (IceCv)
  4 will-o-the-wisps
  8 cyclopes
  A salamander (shapeshifter) (D:13)
  21 elephants
  34 black mambas
  An orange demon (D:10)
  4 guardian serpents
  A gargoyle (D:12)
  11 naga magi
  3 unseen horrors
  2 rime drakes
  Maggie (D:10)
  9 komodo dragons
  4 cane toads
  2 anaconda simulacra (IceCv)
  A freezing wraith (D:15)
  8 ice devils (IceCv)
  3 tengu conjurers
  5 polar bears (Lair:5)
  12 trolls
  2 bloated husks
  9 hornets
  4 tyrant leeches
  17 blink frogs
  A dream sheep (Lair:5)
  12 slime creatures
  2 vampires (D:12)
  3 wraiths
  20 spriggans
  5 shadows
  4 wyverns
  2 fire elementals (D:15)
  39 yaks
  4 basilisks
  4 steam dragons
  14 vampire mosquitoes
  3 wargs (Orc:1)
  36 nagas
  13 swamp worms
  A harpy simulacrum (IceCv)
  An acid dragon (D:10)
  15 water moccasins
  3 hell hounds (D:15)
  6 black bears
  4 ice beasts
  40 orc warriors
  12 swamp drakes
  A sky beast (D:8)
  28 wolves
  16 ogres
  11 boggarts
  6 centaurs
  A lemure (D:4)
  2 phantoms
  3 kobold brigands
  A necrophage (D:8)
  16 bullfrogs
  3 gnoll sergeants
  4 scorpions
  4 two-headed ogre simulacra (IceCv)
  A cane toad simulacrum (IceCv)
  A wight (D:8)
  3 elephant simulacra (IceCv)
  12 killer bees
  An electric eel (Lair:2)
  10 howler monkeys
  2 lava snakes (Swamp:4)
  A gnoll bouda (Orc:1)
  3 hounds
  14 orc priests
  3 iguanas
  27 orc wizards
  A polar bear simulacrum (IceCv)
  2 spriggan simulacra (IceCv)
  3 troll simulacra (IceCv)
  12 gnolls
  8 adders
  A naga simulacrum (IceCv)
  5 shadow imps
  6 white imps
  2 ufetubi
  A worm (D:2)
  6 dart slugs
  111 orcs
  10 bats
  8 endoplasms
  4 giant cockroaches
  11 goblins
  3 hobgoblins
  10 jackals
  2 quokkas
  5 ball pythons
  A frilled lizard (D:3)
  19 kobolds
  2 rats (D:1)
  A spectral goblin (D:1)
1120 creatures vanquished.

Vanquished Creatures (collateral kills)
  Nikola (Swamp:4)
  A reaper (IceCv)
  A bunyip (Swamp:4)
  A boulder beetle (Lair:3)
  A hydra (Swamp:4)
  An anaconda (Snake:1)
  A mana viper (Snake:1)
  2 black mambas (Snake:1)
9 creatures vanquished.

Vanquished Creatures (others)
  2 bloated husks
  2 swamp drakes (Swamp:4)
  A white imp (IceCv)
  An orc (D:9)
  8 foxfires
  19 fungi
  66 plants
99 creatures vanquished.

Grand Total: 1228 creatures vanquished

Notes
Turn   | Place    | Note
-------+----------+-------------------------------------------
     0 | D:1      | rakiston the Minotaur Berserker began the quest for the
                  | Orb.
     0 | D:1      | Reached XP level 1. HP: 19/19 MP: 0/0
    36 | D:1      | Found a faded altar of an unknown god.
   316 | D:1      | Reached XP level 2. HP: 27/27 MP: 1/1
   453 | D:1      | Reached skill level 4 in Fighting
   787 | D:1      | Reached XP level 3. HP: 33/33 MP: 2/2
   787 | D:1      | Reached ** piety under Trog
  1852 | D:3      | Reached skill level 5 in Axes
  1852 | D:3      | Reached XP level 4. HP: 41/41 MP: 3/3
  2320 | D:3      | Found a bloodstained altar of Trog.
  2664 | D:4      | Reached skill level 5 in Fighting
  2698 | D:4      | Reached XP level 5. HP: 48/48 MP: 4/4
  2857 | D:4      | Noticed a lemure
  2858 | D:4      | Noticed a lemure
  2858 | D:4      | Noticed Pikel
  2859 | D:4      | Noticed a lemure
  2859 | D:4      | Noticed a lemure
  2863 | D:4      | Killed a lemure
  2869 | D:4      | Killed Pikel
  2870 | D:4      | Reached skill level 6 in Fighting
  2870 | D:4      | Reached XP level 6. HP: 57/57 MP: 5/5
  2870 | D:4      | Reached XP level 7. HP: 63/63 MP: 6/6
  2961 | D:4      | You fall into a shaft and drop 3 floors!
  3074 | D:7      | Reached *** piety under Trog
  3094 | D:7      | Reached skill level 10 in Axes
  3166 | D:7      | Reached XP level 8. HP: 71/71 MP: 7/7
  3256 | D:5      | Entered Level 5 of the Dungeon
  3259 | D:5      | Reached skill level 7 in Fighting
  3410 | D:5      | Found a stormy altar of Qazlal.
  3783 | D:4      | Found a runed translucent door.
  3784 | D:4      | Noticed Crazy Yiuf
  4578 | D:6      | Found a staircase to the Ecumenical Temple.
  4763 | D:6      | Identified the +1 robe of Mutualism {MP+9}
  4931 | D:6      | Reached skill level 8 in Fighting
  5316 | D:7      | Reached XP level 9. HP: 74/81 MP: 8/8
  5402 | D:7      | Found a shimmering altar of Xom.
  5503 | D:7      | Reached **** piety under Trog
  5529 | D:7      | Found a shimmering blue altar of Sif Muna.
  5530 | D:7      | Found a radiant altar of Vehumet.
  5843 | D:7      | Found a hide-covered altar of Uskayaw.
  6014 | D:8      | Noticed a two-headed ogre
  6017 | D:8      | Reached skill level 9 in Fighting
  6022 | D:8      | Killed a two-headed ogre
  6108 | D:8      | Reached XP level 10. HP: 66/93 MP: 9/9
  6115 | D:8      | Reached skill level 10 in Fighting
  6250 | D:8      | Noticed a cyclops
  6259 | D:8      | Killed a cyclops
  6260 | D:8      | Reached skill level 15 in Axes
  6536 | D:8      | Noticed a centaur warrior
  6548 | D:8      | Killed a centaur warrior
  6553 | D:8      | Identified a scroll of acquirement
  6554 | D:8      | Acquired the ring "Waeqim" {rElec rN+ rCorr Dex+6}
  6577 | D:8      | Reached skill level 11 in Fighting
  7102 | D:8      | Found a staircase to the Lair.
  7544 | D:9      | Found Xiostuj's Magic Scroll Boutique.
  7549 | D:9      | Reached XP level 11. HP: 99/104 MP: 10/10
  7558 | D:9      | Bought a scroll of identify for 28 gold pieces
  7558 | D:9      | Bought a scroll of identify for 28 gold pieces
  7558 | D:9      | Bought a scroll of identify for 28 gold pieces
  7558 | D:9      | Bought a scroll of identify for 28 gold pieces
  7562 | D:9      | Acquired the amulet "Fulafan" {Acrobat Will+ Str+4}
  7777 | D:9      | Found a broken altar of Ashenzari.
  7978 | D:9      | Reached ***** piety under Trog
  7981 | D:9      | Noticed a boulder beetle
  7982 | D:9      | Reached skill level 12 in Fighting
  8004 | D:9      | HP: 3/104 [wyvern (6)]
  8005 | D:9      | Killed a boulder beetle
  8747 | D:9      | Found a staircase to the Orcish Mines.
  9169 | D:9      | Found a glowing silver altar of Zin.
  9194 | D:9      | Found a white marble altar of Elyvilon.
  9195 | D:9      | Found a shadowy altar of Dithmenos.
  9433 | D:10     | Entered Level 10 of the Dungeon
  9433 | D:10     | Noticed Amaemon
  9486 | Orc:1    | Entered Level 1 of the Orcish Mines
  9519 | Orc:1    | Found a frozen archway.
  9531 | IceCv    | Entered an ice cave
  9935 | IceCv    | Reached skill level 13 in Fighting
 10089 | IceCv    | Reached skill level 5 in Armour
 10557 | IceCv    | Noticed a reaper
 10567 | IceCv    | Killed a reaper
 10568 | IceCv    | Reached skill level 14 in Fighting
 10568 | IceCv    | Reached XP level 12. HP: 117/117 MP: 11/11
 11598 | Orc:2    | Entered Level 2 of the Orcish Mines
 11598 | Orc:2    | Found Yrin's Weapon Emporium.
 11720 | Orc:2    | Noticed a two-headed ogre
 11731 | Orc:2    | Killed a two-headed ogre
 11732 | Orc:2    | Reached skill level 15 in Fighting
 12420 | Orc:2    | Found Nutaap's Armour Shoppe.
 12436 | Orc:2    | Bought a +1 plate armour of poison resistance for 512 gold
                  | pieces
 12664 | Orc:2    | Found Midghe Muit's Antique Armour Shoppe.
 12749 | Orc:2    | Reached skill level 16 in Fighting
 12784 | Orc:2    | Noticed Jorgrun
 12810 | Orc:2    | Noticed an orc warlord
 13277 | Orc:2    | Killed an orc warlord
 13419 | Orc:2    | Found a staircase to the Elven Halls.
 13438 | Orc:2    | Killed Jorgrun
 13542 | Orc:2    | Reached XP level 13. HP: 114/130 MP: 9/12
 13544 | Orc:2    | Reached skill level 10 in Armour
 13548 | Orc:2    | Reached skill level 17 in Fighting
 13614 | Orc:2    | Found Neukof's Antique Weapon Boutique.
 13618 | Orc:2    | Found Huqavom's Antique Armour Shop.
 13938 | Lair:1   | Entered Level 1 of the Lair of Beasts
 14927 | Lair:1   | Received a gift from Trog
 15230 | Lair:1   | Noticed Nergalle
 15239 | Lair:1   | Killed Nergalle
 15524 | Lair:2   | Reached skill level 18 in Fighting
 15526 | Lair:2   | Found a staircase to the Swamp.
 15622 | Lair:2   | Found a hide-covered altar of Uskayaw.
 16095 | Lair:2   | Found a staircase to the Snake Pit.
 17155 | Lair:3   | Reached skill level 19 in Fighting
 17949 | Lair:4   | Received a gift from Trog
 17953 | Lair:4   | Reached XP level 14. HP: 146/146 MP: 7/13
 18836 | Lair:5   | Entered Level 5 of the Lair of Beasts
 18884 | Lair:5   | Reached skill level 20 in Fighting
 19179 | Lair:5   | Found a staircase to the Slime Pits.
 19179 | Lair:5   | Found a viscous altar of Jiyva.
 19265 | Lair:5   | Received a gift from Trog
 20608 | D:10     | Noticed Urug
 20624 | D:10     | Killed Urug
 20625 | D:10     | Reached skill level 21 in Fighting
 20644 | D:10     | Killed Amaemon
 20709 | D:10     | Reached skill level 15 in Armour
 20731 | D:10     | Reached ****** piety under Trog
 20896 | D:10     | Noticed Maggie
 20901 | D:10     | Killed Maggie
 20958 | D:10     | Noticed Sonja
 20969 | D:10     | Killed Sonja
 21344 | D:11     | Reached XP level 15. HP: 120/158 MP: 1/14
 21396 | D:11     | Found a runed translucent gate.
 21396 | D:11     | Found a runed translucent gate.
 21396 | D:11     | Noticed Jingleheimer's ghost (journeyman FoFi)
 21397 | D:11     | Found a runed translucent gate.
 21633 | D:11     | Identified the +10 battleaxe "Baonar" {vorpal, Str+3} (Trog
                  | gifted it to you on level 11 of the Dungeon)
 21633 | D:11     | Received a gift from Trog
 22171 | D:12     | Found a gate leading to a gauntlet.
 22176 | Gauntlet | Entered a Gauntlet
 22176 | Gauntlet | Found a transporter.
 22176 | Gauntlet | Found a transporter.
 22180 | Gauntlet | Found a transporter.
 22204 | Gauntlet | Found a transporter.
 22204 | Gauntlet | Found a transporter.
 22218 | Gauntlet | Found a transporter.
 22235 | Gauntlet | Identified the +2 pair of gloves of Lulurosh {MP+9 Dex+4}
 22250 | Gauntlet | Found the +8 trishula "Condemnation" {holy, anguish, *Noise
                  | Fly rN+}
 22251 | Gauntlet | Found a transporter.
 22253 | Gauntlet | Found a transporter.
 22261 | Gauntlet | Found the +8 arc blade {discharge, rElec}
 22261 | Gauntlet | Found a transporter.
 22274 | Gauntlet | Found a transporter.
 22281 | Gauntlet | Identified the ring "Diygumo" {Ice +Blink rPois Int-2
                  | Slay+3}
 22334 | Gauntlet | Identified the ring of Daisies {rElec rF- rCorr EV+4}
 22343 | Gauntlet | Reached skill level 22 in Fighting
 22456 | D:12     | Found an opulent altar of Gozag.
 23160 | D:13     | Paralysed by an ogre mage for 4 turns
 23284 | D:13     | Reached skill level 23 in Fighting
 23571 | D:13     | Found Pihaadd's Firing Range.
 23626 | D:13     | Found a gate to the Vaults.
 23650 | D:13     | Found Ompiwk's Book Emporium.
 24797 | D:14     | Found Guijataa's Distillery.
 24801 | D:14     | Bought 3 potions of haste for 450 gold pieces
 24801 | D:14     | Bought a potion of heal wounds for 75 gold pieces
 25321 | D:15     | Entered Level 15 of the Dungeon
 25366 | D:15     | Received a gift from Trog
 25652 | D:15     | Reached skill level 24 in Fighting
 25652 | D:15     | Noticed Azrael
 25660 | D:15     | Killed Azrael
 26201 | D:15     | Reached skill level 5 in Dodging
 26395 | D:15     | Reached XP level 16. HP: 173/176 MP: 12/15
 26869 | D:15     | Found a staircase to the Depths.
 27118 | Snake:1  | Entered Level 1 of the Snake Pit
 27399 | Snake:1  | Noticed Aizul
 27401 | Snake:1  | Reached skill level 25 in Fighting
 28002 | Snake:1  | Received a gift from Trog
 28352 | Snake:1  | Killed Aizul
 28910 | Snake:2  | Reached skill level 26 in Fighting
 29862 | Snake:3  | Received a gift from Trog
 29958 | Snake:3  | Noticed Mlioglotl
 29970 | Snake:3  | Killed Mlioglotl
 31289 | Snake:2  | Reached XP level 17. HP: 190/190 MP: 11/16
 31542 | Snake:3  | Reached skill level 27 in Fighting
 32778 | Snake:4  | Entered Level 4 of the Snake Pit
 33076 | Snake:4  | Identified the +9 battleaxe of Dolappu {vorpal, rPois rC++}
                  | (Trog gifted it to you on level 4 of the Snake Pit)
 33076 | Snake:4  | Received a gift from Trog
 33474 | Snake:4  | Noticed Mara
 33475 | Snake:4  | Noticed rakiston's illusion
 33488 | Snake:4  | Killed Mara
 34308 | Snake:4  | Reached skill level 10 in Dodging
 34823 | Snake:4  | Noticed Vashnia
 34834 | Snake:4  | Killed Vashnia
 34900 | Snake:4  | Got a serpentine rune of Zot
 35058 | Swamp:1  | Entered Level 1 of the Swamp
 35079 | Swamp:1  | Received a gift from Trog
 35119 | Swamp:1  | Noticed Frances
 35129 | Swamp:1  | Killed Frances
 35172 | Swamp:1  | Reached XP level 18. HP: 38/200 MP: 5/17
 37754 | Swamp:4  | Entered Level 4 of the Swamp
 38143 | Swamp:4  | Noticed Donald
 38152 | Swamp:4  | Killed Donald
 38158 | Swamp:4  | Noticed Louise
 38179 | Swamp:4  | Killed Louise
 38322 | Swamp:4  | Noticed Nikola
 38342 | Swamp:4  | Killed Nikola
 38350 | Swamp:4  | HP: 5/200 [bunyip (22)]
 39055 | Swamp:4  | Got a decaying rune of Zot
 39897 | Depths:1 | Entered Level 1 of the Depths
 39897 | Depths:1 | Found a transporter.
 39897 | Depths:1 | Found a transporter.
 40585 | Depths:1 | Found a transporter.
 40911 | Depths:1 | Identified the +5 hand axe "Ymmyik" {flame, rC+} (Trog
                  | gifted it to you on level 1 of the Depths)
 40911 | Depths:1 | Received a gift from Trog
 40929 | Depths:1 | Found a transporter.
 41304 | Depths:1 | Found a transporter.
 41305 | Depths:1 | Found a transporter.
 41336 | Depths:1 | Found a corrupted altar of Lugonu.
 41336 | Depths:1 | Found a one-way gate to the infinite horrors of the Abyss.
 41429 | Depths:1 | Found a gateway to Hell.
 41460 | Depths:1 | HP: 6/200 [balrug/fireball (19)]
 41463 | Depths:1 | Annihilated by a balrug

Illustrated notes

Levels and vault maps discovered:
D:1:      nzn_arrival_crosshair, layout_basic,
          dreamdust_ecumenical_altar_drowned_temple, minivault_19
D:2:      layout_basic
D:3:      layout_loops_corners, trog_book
D:4:      layout_loops_corners, uniq_pikel, uniq_crazy_yiuf_cottage
D:5:      layout_basic, mainiacjoe_overflow_alcove_2, kennysheep_windowed_goal
D:6:      layout_loops_ring, minmay_temple_entry_wispy, columned_hall_lemuel,
          grunt_decor_arrowhead, minmay_misc_feat_rugged
D:7:      layout_basic, lemuel_doored_altar, xom_teletrap_fun,
          mainiacjoe_overflow_big_doors
D:8:      minmay_imperfect_grid, layout_basic, david_lair_shrubbed
D:9:      minmay_distorted_concentric_squares, layout_layer_cave,
          grunt_temple_overflow_open, lemuel_crystal_altar, erik_orc_1,
          serial_shops, shop
D:10:     layout_big_octagon, enter_bailey_5, kennysheep_decorative_pillar,
          minmay_evil_grid, uniq_amaemon, uniq_sonja, uniq_urug, uniq_maggie
D:11:     layout_roguey, gammafunk_ghost_nasty_kobolds
D:12:     layout_basic, gauntlet_entry_generic, grunt_gozag_breadcrumbs
D:13:     kennysheep_blocky_room, layout_cave_pools, serial_shops,
          nicolae_lakefront_shop, nicolae_shop_firing_range
D:14:     layout_cave_pods, infiniplex_staircase_spiral_double, serial_shops,
          shop, minmay_statue_bubble
D:15:     hangedman_depths_entry_try_elsewhere_first, layout_stronghold,
          nicolae_concentric_dashed_squares_wild, st_stairs_1, uniq_azrael
Lair:1:   layout_layer_cave, uniq_nergalle
Lair:2:   layout_cave_pods, nicolae_swamp_entry_splash_gauntlet,
          minmay_snake_entry_guardpost_small, basic_altar,
          chequers_serial_rivers_small_b, st_stairs_9,
          infiniplex_staircase_pool_2, lemuel_fruit_fields
Lair:3:   layout_chaotic_city, minmay_lindwurm_lava, lemuel_fruit_tree
Lair:4:   layout_loops_ring, grunt_megastairs_3
Lair:5:   minmay_lair_end_enchanted_forest, layout_regular_city, slime_entry_1,
          hangedman_lair_unloving_vines, patterned_corridor
Swamp:1:  layout_basic_swamp, nicolae_swamp_well_well_well, swamp_pool1,
          uniq_frances
Swamp:2:  layout_basic_swamp, infiniplex_staircase_pool, swamp_pool4,
          nicolae_swamp_bean_lake
Swamp:3:  layout_basic_swamp, nicolae_swamp_ascending_descending
Swamp:4:  swamp_fiery, layout_basic_swamp, swamp_pool4, hangedman_swamp_lotus,
          nicolae_swamp_dense_foliage, uniq_louise, uniq_nikola, uniq_donald
Snake:1:  kennysheep_snake, layout_onion, uniq_aizul
Snake:2:  layout_onion
Snake:3:  nicolae_snake_attic_fulla_snakes, layout_honeycomb,
          grunt_megastairs_5, uniq_mlioglotl
Snake:4:  grunt_snake_rune_serpentine_throne, layout_cave_town, uniq_mara
Orc:1:    layout_caves, portal_ice_cave_entry_pillars_1, basic_altar
Orc:2:    grunt_orc_community_town_hall, layout_diamond_mine,
          grunt_orc_community_big_house_2, grunt_orc_community_big_house_2,
          grunt_orc_community_house_3, grunt_orc_community_house_2,
          grunt_orc_community_house_2, grunt_orc_community_house_3,
          grunt_orc_community_house_1, grunt_orc_community_house_3,
          serial_shops, shop, uniq_jorgrun
Depths:1: layout_cave_pools, enter_ziggurat_c, lemuel_statue_altar,
          abyss_entry_flame_altar, grunt_mini_vestibule, serial_nicolae_subway,
          nicolae_sub_station_crystal, nicolae_sub_station_stone,
          nicolae_sub_station_metal, serial_bayou_shore_a

Skill      XL: |  1  2  3  4  5  6  7  8  9 10 11 12 13 14 15 16 17 18 |
---------------+-------------------------------------------------------+-----
Axes           | 4 5 8 10 12 14 16 18 21 23 | 23.8
Fighting       | 4 5 6 8 9 11 14 16 19 21 24 26 27 | 27.0
Armour         | 6 9 12 15 | 15.4
Dodging        | 5 7 10 11 | 11.9

Action                   |  1- 3 |  4- 6 |  7- 9 | 10-12 | 13-15 | 16-18 || total
-------------------------+-------+-------+-------+-------+-------+-------++-------
Melee: Hand axe          |    69 |       |       |       |       |       ||    69
       Headbutt          |    14 |     6 |    31 |   105 |   208 |   224 ||   588
       Broad axe         |    21 |    41 |   194 |   590 |   149 |       ||   995
       Punch             |       |       |       |     9 |     1 |       ||    10
       Battleaxe         |       |       |       |       |   638 |   828 ||  1466
Throw: Stone             |    12 |       |     6 |    23 |    12 |       ||    53
Invok: Berserk           |       |     1 |     2 |    11 |    10 |     7 ||    31
       Trog's Hand       |       |       |       |     5 |     2 |     2 ||     9
       Brothers in Arms  |       |       |       |     2 |       |     2 ||     4
  Use: Potion            |     2 |     2 |     6 |     8 |     2 |    14 ||    34
       Scroll            |       |     7 |     4 |    15 |     7 |    12 ||    45
 Stab: Confused          |       |       |       |     2 |       |       ||     2
       Distracted        |       |       |       |       |       |     1 ||     1
Armor: Animal skin       |    10 |       |       |       |       |       ||    10
       Ring mail         |    33 |     1 |       |       |       |       ||    34
       Scale mail        |       |    16 |   106 |   164 |       |       ||   286
       Plate armour      |       |       |       |    14 |   469 |   472 ||   955
Dodge: Dodged            |    48 |    14 |   101 |   242 |   361 |   567 ||  1333
